 Dungeon Crawl Stone Soup version 0.31.0-11-ge490571c62 (webtiles) character file.

Game seed: 13336916064659006680

116 Arcadio the Chiller (level 5, -2/35 HPs)
             Began as a Merfolk Ice Elementalist on Jan 31, 2024.
             Slain by an orc priest
             ... wielding a +0 dagger
              (4 damage)
             ... on level 2 of the Dungeon.
             The game lasted 00:03:21 (1941 turns).

Arcadio the Chiller (Merfolk Ice Elementalist)      Turns: 1941, Time: 00:03:22

Health: -2/35      AC:  2    Str:  9    XL:     5   Next: 0%
Magic:  7/9        EV: 13    Int: 16    God:
Gold:   58         SH:  0    Dex: 14    Spells: 3/10 levels left

rFire   + . .        e - +0 short sword (venom)
rCold   . . .        (no shield)
rNeg    . . .        a - +0 robe
rPois   .            (helmet currently unavailable)
rElec   .            (cloak currently unavailable)
rCorr   .            (gloves currently unavailable)
SInv    .            (boots currently unavailable)
Will    .....        (no amulet)
Stlth   ++           f - ring of protection from fire
HPRegen 0.25/turn    (no ring)
MPRegen 0.11/turn

%: no passive effects
@: beast-form
A: beast (slay +0), (nimble swimmer 2), mertail
a: Begin Untransformation


You were on level 2 of the Dungeon.
You were a hulking beast.
You visited 1 branch of the dungeon, and saw 3 of its levels.

You collected 98 gold pieces.
You spent 40 gold pieces at shops.

Inventory:

Hand Weapons
 e - a +0 short sword of venom (weapon)
Armour
 a - a +0 robe (worn)
Jewellery
 f - a ring of protection from fire (left hand)
Talismans
 g - a beast talisman (active)
Scrolls
 i - 3 scrolls of blinking
 j - 2 scrolls of poison {unknown}
 k - a scroll of teleportation {unknown}
 l - a scroll of revelation {unknown}
 r - a scroll of identify
Potions
 b - a potion of magic
 c - 2 potions of attraction
 d - a potion of resistance
 h - a potion of berserk rage {unknown}


   Skills:
 + Level 4.4 Dodging
 - Level 2.1 Stealth
 + Level 3.0 Spellcasting
 + Level 5.2 Ice Magic


You had 3 spell levels left.
You knew the following spells:

 Your Spells              Type           Power      Damage    Failure   Level
a - Freeze                Ice            76%        1d8       2%          1
b - Frozen Ramparts       Ice            38%        1d6       6%          3
c - Ozocubu's Armour      Ice            19%        N/A       6%          3

Your spell library contained the following spells:

 Spells                   Type           Power      Damage    Failure   Level
 Ensorcelled Hibernation  Hex/Ice        20%        N/A       10%         2
 Hailstorm                Conj/Ice       10%        3d6       19%         3
 Summon Ice Beast         Ice/Summ       10%        N/A       19%         3
 Passwall                 Erth           2%         N/A       50%         3
 Swiftness                Air            2%         N/A       50%         3


Dungeon Overview and Level Annotations

Branches:
Dungeon (3/15)

Altars:

Shops:
D:1 ?


Innate Abilities, Weirdness & Mutations

You are a hulking beast.
Your limbs bulge with bestial killing power. (Slay +0)
((You are very nimble when in or above water. (Stealth+, EV+, Speed+++)))
Your lower body shifts to a powerful aquatic tail in water.


Message History

There is a stone staircase leading up here.
There are monsters nearby!
An orc comes into view. It is wielding a +0 flail.
The orc wizard casts a spell at you. You resist with some effort.
The orc priest shouts!
The kobold shouts!
The orc priest shouts!
You hear a shout! x2
The orc priest mumbles some strange prayers to Beogh against you.
Beogh smites you!
There is a stone staircase leading up here.
The orc shouts!
The orc wizard gestures at you while chanting.
The puff of flame hits you. You resist.
The orc priest casts a cantrip, but nothing happens.
The orc wizard casts a spell at you. The magic dart hits you.
The orc priest looks braver for a moment.
The orc priest invokes the aid of Beogh against you.
Beogh smites you!
* * * LOW HITPOINT WARNING * * *
You climb upwards.
There is a stone staircase leading down here.
Casting: Freeze (safe; 2% risk of failure)
Confirm with . or Enter, or press ? or * to list all spells.
Aiming: Freeze (safe; 2% risk of failure)
Press: ? - help, Shift-Dir - straight line, f - orc priest
Aim: an orc priest, wielding a +0 dagger and wearing a +0 chain mail You freeze the orc priest.
The orc priest is heavily wounded.
The orc priest hits you with a +0 dagger.
* * * LOW HITPOINT WARNING * * *
Casting: Freeze (safe; 2% risk of failure)
Confirm with . or Enter, or press ? or * to list all spells.
Aiming: Freeze (safe; 2% risk of failure)
Press: ? - help, Shift-Dir - straight line, f/p - orc priest
Aim: an orc priest, wielding a +0 dagger and wearing a +0 chain mail (heavily wounded)
You freeze the orc priest.
The orc priest is almost dead.
The orc priest hits you with a +0 dagger.
You die...

#............#
#..♣.........#
#####.....#####..#
##...†##.##'...##.#
#>.♣..##.##..♣.<#.###
##...##.(.##†..##...#
######.♣.######....#
#.o.##........#
##h###........#####
### #.............
#.......†#####
#........# #........#
##########


You could see an orc priest.

Vanquished Creatures
  Natasha (twice) (D:2)
  An adder (D:2)
  2 dart slugs (D:2)
  A ribbon worm (D:2)
  A ball python (D:1)
  5 endoplasms
  4 giant cockroaches
  2 goblins (D:1)
  3 hobgoblins (D:1)
  5 jackals (D:1)
  6 kobolds
  A quokka (D:2)
  5 bats
  5 frilled lizards
  5 rats
48 creatures vanquished.

Notes
Turn   | Place    | Note
-------+----------+-------------------------------------------
     0 | D:1      | Arcadio the Merfolk Ice Elementalist began the quest for
                  | the Orb.
     0 | D:1      | Reached XP level 1. HP: 13/13 MP: 3/3
   137 | D:1      | Reached XP level 2. HP: 19/19 MP: 3/5
   458 | D:1      | Found Numaiqad's Magic Scroll Emporium.
   466 | D:1      | Bought a scroll of identify for 20 gold pieces
   466 | D:1      | Bought a scroll of identify for 20 gold pieces
   493 | D:1      | Reached XP level 3. HP: 19/24 MP: 4/6
  1206 | D:2      | Noticed Natasha
  1213 | D:2      | Killed Natasha
  1214 | D:2      | Reached skill level 5 in Ice Magic
  1214 | D:2      | Reached XP level 4. HP: 28/30 MP: 2/8
  1327 | D:2      | Noticed Natasha
  1331 | D:2      | Killed Natasha
  1695 | D:2      | Learned a level 3 spell: Frozen Ramparts
  1699 | D:2      | Learned a level 3 spell: Ozocubu's Armour
  1919 | D:2      | Reached XP level 5. HP: 35/35 MP: 9/9
  1941 | D:2      | Slain by an orc priest

Illustrated notes

Levels and vault maps discovered:
D:1:      ncdulo_smallfort, layout_loops_ring, serial_shops, shop,
          amcnicky_mini_corridor_feature, amcnicky_mini_rare_corridor_liquid,
          dreamdust_princess_corridor
D:2:      layout_basic, grunt_ministairs_4, minivault_23, kennysheep_path_1,
          uniq_natasha
D:3:      layout_basic, mainiacjoe_overflow_brackets

Skill      XL: |  1  2  3  4 |
---------------+-------------+-----
Dodging        | 3 4 |  4.4
Ice Magic      | 5 |  5.2
Spellcasting   | 3 |  3.0
Stealth        | |  2.1

Action                     |  1- 3 |  4- 6 || total
---------------------------+-------+-------++-------
  Melee: Short sword       |    61 |    37 ||    98
         Unarmed           |     2 |       ||     2
         Punch             |     1 |       ||     1
   Cast: Freeze            |    16 |    16 ||    32
    Use: Scroll            |     3 |       ||     3
   Stab: Sleeping          |     4 |     3 ||     7
 Armour: Robe              |    36 |    22 ||    58
  Dodge: Dodged            |    50 |    38 ||    88
   Form: Beast             |     1 |       ||     1
